 Dungeon Crawl Stone Soup version 0.31-a0-150-g89dc3ad700 (webtiles) character file.

Game seed: 15585304532745043594

7294 jlumianski the Zephyrmancer (level 11, -10/74 HPs)
             Began as a Djinni Fire Elementalist on June 8, 2023.
             Was a Believer of Makhleb.
             Mangled by a catoblepas (24 damage)
             ... on level 1 of the Lair of Beasts.
             The game lasted 01:00:38 (9288 turns).

jlumianski the Zephyrmancer (DjFE)                  Turns: 9288, Time: 01:00:39

Health: -10/74     AC:  8    Str:  7    XL:     11   Next: 34%
Gold:   605        EV: 15    Int: 27    God:    Makhleb [**....] SH:  0 Dex: 14

rFire   + + .        t - +2 dagger (venom)
rCold   x . .        (no shield)
rNeg    . . .        a - +1 robe
rPois   ∞            G - +0 helmet
rElec   .            (no cloak)
rCorr   .            F - +3 pair of gauntlets of War {Slay+5}
SInv    .            (boots unavailable)
Will    ++...        f - amulet of the acrobat
Stlth   +++          I - +6 ring of intelligence
HPRegen 0.32/turn    j - ring of willpower
MPRegen 0.00/turn

%: acrobat, infuse magic (-11 HP)
@: flying, studying Air Magic
A: sickness immunity, fire resistance 2, cold vulnerability 1, float, innate
caster, HP casting, extra vitality 1
a: Renounce Religion, Minor Destruction


You were on level 1 of the Lair of Beasts.
You worshipped Makhleb.
Makhleb was pleased with you.
You visited 3 branches of the dungeon, and saw 11 of its levels.
You also visited: Sewer.

You collected 625 gold pieces.
You spent 20 gold pieces at shops.

Inventory:

Hand Weapons
 t - a +2 dagger of venom (weapon)
 K - a +2 short sword of speed
Missiles
 s - 8 poisoned darts
Armour
 a - a +1 robe (worn)
 E - a +0 leather armour of fire resistance
 F - the +3 pair of gauntlets of War (worn) {Slay+5}
   (You found it on level 5 of the Dungeon)

   Slay:      It affects your accuracy & damage with ranged weapons and melee
   (+5).
 G - a +0 helmet (worn)
Magical Staves
 d - a staff of poison
Jewellery
 f - an amulet of the acrobat (around neck)
 j - a ring of willpower (right hand)
 I - a +6 ring of intelligence (left hand)
Wands
 q - a wand of charming (12)
 C - a wand of flame (17)
 D - a wand of polymorph (7)
Scrolls
 c - a scroll of silence
 l - 3 scrolls of enchant weapon
 m - a scroll of amnesia {unknown}
 r - 3 scrolls of vulnerability {unknown}
 v - a scroll of magic mapping {unknown}
 w - 3 scrolls of fear
 x - 2 scrolls of teleportation
 H - a scroll of torment {unknown}
Potions
 b - a potion of berserk rage
 e - 2 potions of curing
 g - a potion of cancellation
 h - a potion of invisibility {unknown}
 i - a potion of attraction
 k - 2 potions of mutation
 o - 2 potions of resistance
 p - 3 potions of haste
 u - 2 potions of might
 J - 2 potions of brilliance


   Skills:
 + Level 4.7 Fighting
 + Level 5.1 Short Blades
 - Level 0.1 Staves
 + Level 7.5 Dodging
 + Level 5.2 Stealth
 * Level 8.7 Spellcasting
 * Level 8.7 Conjurations
 * Level 8.7 Hexes
 * Level 8.7 Summonings
 * Level 8.7 Necromancy
 * Level 8.7 Translocations
 * Level 8.7 Transmutations
 * Level 8.7 Fire Magic
 * Level 8.7 Ice Magic
 * Level 10.6 Air Magic
 * Level 8.7 Earth Magic
 * Level 8.7 Poison Magic
 * Level 5.4 Invocations


You knew the following spells:

 Your Spells              Type           Power      Damage    Failure   Level
a - Foxfire               Conj/Fire      100%       2x1d9     1%          1
b - Scorch                Fire           100%       2d9       1%          2
c - Volatile Blastmotes   Fire/Tloc      100%       2d18      1%          3
d - Inner Flame           Hex/Fire       56%        N/A       1%          3
e - Flame Wave            Conj/Fire      56%        2d13      1%          4
f - Freeze                Ice            100%       1d10      1%          1
g - Poisonous Vapours     Pois/Air       100%       N/A       1%          2
h - Call Canine Familiar  Summ           56%        N/A       1%          3
i - Hailstorm             Conj/Ice       56%        3d12      1%          3
j - Summon Mana Viper     Hex/Summ       56%        N/A       3%          5
Your spell library was empty.

Dungeon Overview and Level Annotations

Branches:
Dungeon (9/15)             Temple (1/1) D:5            Lair (1/5) D:8
  Sewer (visited)
    Orc: D:9-12

Altars:
Ashenzari
Cheibriados
Dithmenos
Elyvilon
Fedhas
Gozag
Hepliaklqana
Makhleb
Nemelex Xobeh
Okawaru
Qazlal
Trog
Uskayaw
Wu Jian
Xom
Yredelemnul
The Shining One

Shops:
D:3 *   D:6 =

Annotations:
D:4 Edmund
D:8 3 runed translucent doors, dang3rdave's ghost, novice DEHu


Innate Abilities, Weirdness & Mutations

You are immune to sickness and miasma.
You are immune to poison.
Your flesh is very heat resistant. (rF++)
You are vulnerable to cold. (rC-)
You float through the air rather than walking.
You learn spells naturally, not from books.
Your magical power is your life essence.
You have superior vitality. (+4 MHP)


Message History

The catoblepas is poisoned.
The catoblepas is moderately wounded.
Your warg bites the catoblepas.
The catoblepas gores you!!
You hit the catoblepas.
The catoblepas looks as sick as possible!
The catoblepas is moderately wounded.
Your warg bites the catoblepas.
You hit the catoblepas but do no damage.
The catoblepas is heavily wounded.
The catoblepas breathes a plume of calcifying dust at you.
The blast of calcifying dust hits you but does no damage.
Your warg bites the catoblepas but does no damage.
The catoblepas breathes a plume of calcifying dust at you.
The blast of calcifying dust hits you.
Your warg bites the catoblepas but does no damage.
The plant is engulfed in calcifying dust.
Your warg bites the catoblepas but does no damage.
The catoblepas gores your warg!!
You hit the catoblepas.
The catoblepas is heavily wounded.
The plant is engulfed in calcifying dust.
The plant turns to stone!
Your warg bites the catoblepas!
The catoblepas gores you but does no damage.
You hit the catoblepas but do no damage.
The catoblepas looks as sick as possible!
The catoblepas is severely wounded.
The plant is engulfed in calcifying dust.
Your warg bites the catoblepas but does no damage.
You hit the catoblepas but do no damage.
The catoblepas looks as sick as possible!
The catoblepas is severely wounded.
The plant is engulfed in calcifying dust.
The catoblepas gores you!!
* * * LOW HITPOINT WARNING * * *
Your warg bites the catoblepas!
You hit the catoblepas.
The catoblepas looks as sick as possible!
The catoblepas is severely wounded.
The rime drake is no longer petrified.
The catoblepas gores you!!
You die...

.......................Y
...........####.PP####§.
##.####....#.........§.>
#. ##....+.........#
##.###.............$.#
............#.........#
###..##.....#.........#
#.. ##.....#.##.#####.
#. #....@Y..........$ #
##....§§h..........
..........§...........
.......§..............
.......§...............
......§....§...........
..###P.....§...........
#. .>..#...#P.######..
....#...####


You could see a catoblepas (extremely poisoned, ally target) and a friendly warg
(summoned).

Vanquished Creatures
  2 ugly things (D:8)
  A komodo dragon (D:8)
  A hornet (D:7)
  Sigmund (D:5)
  Eustachio (Temple)
  A steam dragon (D:8)
  8 yaks (D:8)
  2 water moccasins
  An orc warrior (D:8)
  2 black bears
  2 ice beasts
  3 centaurs
  A kobold brigand (D:7)
  7 bullfrogs
  A gnoll sergeant (D:7)
  4 scorpions
  5 killer bees
  5 jellies
  3 orc priests (D:5)
  A gnoll bouda (D:7)
  A hound (D:5)
  6 iguanas
  Ijyb (Temple)
  7 orc wizards
  6 gnolls (D:7)
  7 adders
  5 river rats
  2 white imps
  3 ufetubi
  A worm (D:3)
  6 dart slugs
  21 orcs
  6 ball pythons
  8 bats
  12 endoplasms
  5 giant cockroaches
  15 goblins
  3 hobgoblins
  9 jackals
  2 quokkas
  9 frilled lizards
  5 kobolds
  7 rats
199 creatures vanquished.

Vanquished Creatures (collateral kills)
  An ugly thing (D:8)
  2 yaks (D:8)
  4 water moccasins
  An orc warrior (D:7)
  A sky beast (D:7)
  A bullfrog (D:8)
  A gnoll sergeant (D:8)
  An orc priest (D:9)
  A gnoll bouda (D:7)
  2 orc wizards (D:8)
  7 gnolls (D:7)
  2 orcs (D:7)
24 creatures vanquished.

Vanquished Creatures (others)
  An orc priest (D:8)
  379 foxfires
380 creatures vanquished.

Grand Total: 603 creatures vanquished

Notes
Turn   | Place    | Note
-------+----------+-------------------------------------------
     0 | D:1      | Reached skill level 3 in Air Magic
     0 | D:1      | jlumianski the Djinni Fire Elementalist began the quest for
                  | the Orb.
     0 | D:1      | jlumianski set off with the following spells memorised:
                  | Foxfire, Scorch, Volatile Blastmotes, Inner Flame, Flame
                  | Wave.
     0 | D:1      | Reached XP level 1. HP: 15/15 MP: 0/0
   208 | D:1      | Reached XP level 2. HP: 14/21 MP: 0/0
   388 | D:1      | Reached XP level 3. HP: 24/25 MP: 0/0
   388 | D:1      | Learned a level 1 spell: Freeze
   709 | D:3      | Reached XP level 4. HP: 30/31 MP: 0/0
   738 | D:3      | Found a blossoming altar of Fedhas.
   808 | D:3      | Found a glowing drain.
   820 | Sewer    | Entered a sewer
   917 | Sewer    | Reached XP level 5. HP: 35/36 MP: 0/0
   917 | Sewer    | Learned a level 2 spell: Poisonous Vapours
  1030 | Sewer    | Found a viscous altar of Jiyva.
  1079 | Sewer    | Reached skill level 4 in Air Magic
  1079 | Sewer    | Reached XP level 6. HP: 40/41 MP: 0/0
  1161 | D:2      | Reached skill level 1 in Fighting
  2198 | D:3      | Found Ohomm's General Store.
  2205 | D:3      | Bought a scroll of identify for 20 gold pieces
  2494 | D:5      | Entered Level 5 of the Dungeon
  2768 | D:4      | Noticed Edmund
  3136 | D:4      | Noticed an ice beast
  3289 | D:5      | Reached XP level 7. HP: 40/47 MP: 0/0
  3289 | D:5      | Learned a level 3 spell: Call Canine Familiar
  3495 | D:6      | Reached skill level 1 in Short Blades
  3504 | D:5      | Found a staircase to the Ecumenical Temple.
  3512 | D:5      | Noticed Ijyb
  3558 | Temple   | Entered the Ecumenical Temple
  3757 | Temple   | Killed Ijyb
  3758 | Temple   | Reached skill level 5 in Spellcasting
  3758 | Temple   | Reached skill level 5 in Conjurations
  3758 | Temple   | Reached skill level 5 in Hexes
  3758 | Temple   | Reached skill level 5 in Summonings
  3758 | Temple   | Reached skill level 5 in Necromancy
  3758 | Temple   | Reached skill level 5 in Translocations
  3758 | Temple   | Reached skill level 5 in Transmutations
  3758 | Temple   | Reached skill level 5 in Fire Magic
  3758 | Temple   | Reached skill level 5 in Ice Magic
  3758 | Temple   | Reached skill level 5 in Air Magic
  3758 | Temple   | Reached skill level 5 in Earth Magic
  3758 | Temple   | Reached skill level 5 in Poison Magic
  3780 | D:5      | Noticed Eustachio
  3787 | D:5      | Found the +3 pair of gauntlets of War {Slay+5}
  3941 | Temple   | Killed Eustachio
  3942 | Temple   | Reached XP level 8. HP: 25/53 MP: 0/0
  4527 | D:5      | Reached skill level 5 in Dodging
  4732 | D:5      | Noticed Sigmund
  4736 | D:5      | Reached skill level 6 in Air Magic
  4749 | D:5      | Killed Sigmund
  4750 | D:5      | Reached XP level 9. HP: 39/59 MP: 0/0
  4750 | D:5      | Learned a level 3 spell: Hailstorm
  4945 | D:5      | Found a burning altar of Makhleb.
  4948 | D:5      | Became a worshipper of Makhleb the Destroyer
  5097 | D:6      | Found Gofahob's Jewellery Shop.
  5113 | D:6      | Identified a scroll of acquirement
  5114 | D:6      | Acquired a manual of Air Magic
  5635 | D:8      | Noticed a komodo dragon
  5658 | D:8      | Killed a komodo dragon
  5659 | D:8      | Reached skill level 7 in Air Magic
  5914 | D:8      | Reached skill level 8 in Air Magic
  5949 | D:8      | Reached XP level 10. HP: 22/67 MP: 0/0
  5978 | D:8      | Found a staircase to the Lair.
  6298 | D:7      | Reached * piety under Makhleb
  6363 | D:8      | Reached skill level 9 in Air Magic
  6371 | D:8      | Reached skill level 1 in Invocations
  6501 | D:8      | Found an iron altar of Okawaru.
  7382 | D:7      | Reached ** piety under Makhleb
  7726 | D:8      | Found a runed translucent gate.
  7727 | D:8      | Found a runed translucent gate.
  7727 | D:8      | Found a runed translucent gate.
  7727 | D:8      | Noticed a cyan ugly thing
  7737 | D:8      | Reached skill level 5 in Stealth
  7772 | D:8      | Noticed a white ugly thing
  7773 | D:8      | Noticed a purple ugly thing
  7774 | D:8      | Noticed a purple ugly thing
  8001 | D:8      | Reached XP level 11. HP: 73/74 MP: 0/0
  8001 | D:8      | Learned a level 5 spell: Summon Mana Viper
  8176 | D:8      | Killed a brown ugly thing
  8191 | D:8      | Killed a white ugly thing
  8192 | D:8      | Reached skill level 10 in Air Magic
  8196 | D:8      | Killed a brown ugly thing
  8197 | D:8      | Reached skill level 5 in Short Blades
  8197 | D:8      | Reached skill level 5 in Invocations
  8649 | D:8      | Found a runed translucent gate.
  8649 | D:8      | Found a runed translucent gate.
  8652 | D:8      | Found a runed translucent gate.
  8652 | D:8      | Noticed a fire crab
  8653 | D:8      | Noticed dang3rdave's ghost (novice DEHu)
  8661 | D:8      | a fire crab changed into a troll
  8773 | D:9      | Noticed a two-headed ogre
  9033 | Lair:1   | Entered Level 1 of the Lair of Beasts
  9247 | Lair:1   | Noticed a catoblepas
  9288 | Lair:1   | Mangled by a catoblepas

Illustrated notes

Levels and vault maps discovered:
D:1:      grunt_arrival_lava_bath, layout_loops_cross,
          hangedman_decor_diamond_cutter
D:2:      minmay_general_purpose_star, layout_rooms, kennysheep_flooded_box
D:3:      layout_rooms, fedhas_altar_fruit_tree, cheibrodos_sewer_entry_sluice,
          serial_shops, nicolae_shop_rolling_square
D:4:      layout_gridville, uniq_edmund
D:5:      layout_basic, kennysheep_mini_moat, minmay_temple_entry_proselytizer,
          uniq_sigmund, uniq_eustachio, uniq_ijyb
D:6:      layout_rooms, minmay_shop_enchanted_jewellery
D:7:      layout_gridville
D:8:      layout_loops_ring, lemuel_doored_altar, due_lair_maze_entry_diamond,
          enter_bailey_3, ploomutoo_gammafunk_ghost_potion_laboratory
D:9:      layout_long_grid, erik_orc_1, minmay_fractal_squares_5
Temple:   minmay_temple_bridge_d
Lair:1:   layout_regular_city, fungi_pond_lemuel, uniq_amaemon

Skill      XL: |  1  2  3  4  5  6  7  8  9 10 11 |
---------------+----------------------------------+-----
Spellcasting   | 4 5 6 7 8 |  8.7
Conjurations   | 4 5 6 7 8 |  8.7
Hexes          | 4 5 6 7 8 |  8.7
Summonings     | 4 5 6 7 8 |  8.7
Necromancy     | 4 5 6 7 8 |  8.7
Translocations | 4 5 6 7 8 |  8.7
Transmutations | 4 5 6 7 8 |  8.7
Fire Magic     | 4 5 6 7 8 |  8.7
Ice Magic      | 4 5 6 7 8 |  8.7
Air Magic      | 4 5 6 8 9 10 | 10.6
Earth Magic    | 4 5 6 7 8 |  8.7
Poison Magic   | 4 5 6 7 8 |  8.7
Stealth        | 2 3 4 5 |  5.2
Dodging        | 3 4 5 6 7 |  7.5
Fighting       | 1 2 3 4 |  4.7
Short Blades   | 1 2 3 4 5 |  5.1
Invocations    | 4 5 |  5.4
Staves         | |  0.1

Action                     |  1- 3 |  4- 6 |  7- 9 | 10-12 || total
---------------------------+-------+-------+-------+-------++-------
  Melee: Unarmed           |     3 |       |     2 |       ||     5
         Staff             |     8 |       |       |       ||     8
         Dagger            |     9 |    44 |   104 |   136 ||   293
         Punch             |       |     1 |     3 |     3 ||     7
   Cast: Foxfire           |    33 |   100 |    54 |    23 ||   210
         Volatile Blastmot |       |     2 |     3 |     1 ||     6
         Scorch            |       |     1 |    13 |       ||    14
         Freeze            |       |       |     2 |     3 ||     5
         Inner Flame       |       |       |     6 |     6 ||    12
         Flame Wave        |       |       |     1 |       ||     1
         Poisonous Vapours |       |       |    16 |     1 ||    17
         Call Canine Famil |       |       |     6 |    21 ||    27
         Summon Mana Viper |       |       |       |     4 ||     4
    Use: Scroll            |     2 |     9 |     6 |     2 ||    19
         Potion            |       |     4 |     1 |       ||     5
   Stab: Sleeping          |     2 |     1 |     2 |     1 ||     6
 Armour: Robe              |     5 |    10 |    34 |    43 ||    92
  Dodge: Dodged            |    22 |    64 |   101 |   121 ||   308

Table legend: (Time is in decaauts)
 A = Elapsed time spent in this place.
 B = Non-inter-level travel time spent in this place.
 C = Inter-level travel time spent in this place.
 D = Time resting spent in this place.
 E = Time spent auto-exploring this place.
 F = Levels seen in this place.
 G = Mean time per level.
                   A        B        C        D        E       F      G
               +--------+--------+--------+--------+--------+-----+--------+
         Total |   9257 |   9040 |    217 |   1596 |   3989 |  12 |  771.4 |
       Dungeon |   8154 |   7938 |    216 |   1346 |   3655 |   9 |  906.0 |
        Temple |    561 |    561 |      0 |    222 |    114 |   1 |  561.0 |
          Lair |    252 |    252 |      0 |      0 |    119 |   1 |  252.0 |
         Sewer |    288 |    288 |      0 |     28 |    101 |   1 |  288.0 |
               +--------+--------+--------+--------+--------+-----+--------+

Top non-repeatable levels by time:
     D:7: 1647 daAuts
     D:8: 1583 daAuts
     D:5: 1041 daAuts
     D:1: 936 daAuts
     D:4: 850 daAuts
     D:6: 825 daAuts
     D:3: 728 daAuts
  Temple: 561 daAuts
     D:2: 493 daAuts
   Sewer: 288 daAuts
  Lair:1: 252 daAuts
     D:9: 48 daAuts
